 Dungeon Crawl Stone Soup version 0.21.1-1-g345015f (webtiles) character file.

5658 tidbits the Magician (level 10, -2/79 HPs)
             Began as a Gnoll Skald on June 21, 2018.
             Was a Believer of Cheibriados.
             Slain by a black mamba (12 damage)
             ... on level 3 of the Lair of Beasts.
             The game lasted 00:31:38 (1624 turns).

tidbits the Magician (Gnoll Skald)                  Turns: 1624, Time: 00:31:38

Health: -2/79      AC:  8    Str: 17    XL:     10   Next: 75%
Magic:  2/21       EV: 15    Int: 24    God:    Cheibriados [**....]
Gold:   153        SH:  0    Dex: 18    Spells: 4/24 levels left

rFire    . . .     SeeInvis .   j - +3 flail (protect)
rCold    . . .     Gourm    .   (no shield)
rNeg     . . .     Faith    .   B - +0 ring mail
rPois    .         Spirit   .   E - +0 helmet
rElec    .         Reflect  .   (no cloak)
rCorr    .         Harm     .   G - +0 pair of gloves
MR       .....                  (no boots)
Stlth    ++........             s - amulet of rage
HPRegen  0.23/turn              (no ring)
MPRegen  0.17/turn              (no ring)

@: lethally poisoned (-2 -> -5), drained, very slow
A: distributed training, fangs 1, strong nose
a: Bend Time, Renounce Religion, Evoke Berserk Rage


You were on level 3 of the Lair of Beasts.
You worshipped Cheibriados.
Cheibriados was pleased with you.
You were not hungry.

You visited 3 branches of the dungeon, and saw 13 of its levels.

You collected 153 gold pieces.

Inventory:

Hand Weapons
 a - a +0 hand axe
 j - a +3 flail of protection (weapon)
   (You took it off an orc on level 2 of the Dungeon)
 u - a +0 broad axe
Missiles
 g - 9 tomahawks (quivered)
 p - 68 arrows
Armour
 b - a +0 leather armour
 y - a +0 helmet
 B - a +0 ring mail (worn)
 E - a +0 helmet (worn)
 G - a +0 pair of gloves (worn)
Jewellery
 l - an uncursed ring of teleportation
   (You found it on level 2 of the Dungeon)
 m - an uncursed ring of fire
   (You found it on level 2 of the Dungeon)
 s - an amulet of rage (around neck)
   (You found it on level 5 of the Dungeon)
Wands
 x - a wand of flame (24)
Scrolls
 i - a scroll of magic mapping
 k - a scroll of amnesia
 n - a scroll of enchant armour {unknown}
 o - a scroll of noise {unknown}
 q - a scroll of fog
 v - 4 scrolls of remove curse
 C - a scroll of immolation
Potions
 e - a potion of magic {unknown}
 h - a potion of degeneration
 r - a potion of mutation {unknown}
 w - a potion of might {unknown}
 D - 2 potions of ambrosia
Books
 d - a book of Battle

   Spells                             Type                      Level
   a - Infusion                       Charms                       1
   b - Shroud of Golubria             Charms/Translocation         2
   c - Song of Slaying                Charms                       2
   d - Spectral Weapon                Hexes/Charms                 3
   e - Regeneration                   Charms/Necromancy            3
 z - a book of Necromancy
   (You found it on level 1 of the Lair of Beasts)

   Spells                             Type                      Level
   a - Pain                           Necromancy                   1
   b - Animate Skeleton               Necromancy                   1
   c - Vampiric Draining              Necromancy                   3
   d - Regeneration                   Charms/Necromancy            3
   e - Animate Dead                   Necromancy                   4
   f - Borgnjor's Vile Clutch         Necromancy/Earth             5
Comestibles
 c - 6 rations


   Skills:
 + Level 7.2(6.7) Fighting
 + Level 5.4(4.9) Short Blades
 + Level 5.4(4.9) Long Blades
 + Level 7.2(6.7) Axes
 + Level 5.4(4.9) Maces & Flails
 + Level 5.4(4.9) Polearms
 + Level 5.4(4.9) Staves
 + Level 5.4(4.9) Slings
 + Level 5.4(4.9) Bows
 + Level 5.4(4.9) Crossbows
 + Level 5.4(4.9) Throwing
 + Level 6.1(5.6) Armour
 + Level 7.2(6.7) Dodging
 + Level 5.4(4.9) Stealth
 + Level 5.4(4.9) Shields
 + Level 5.4(4.9) Unarmed Combat
 + Level 7.5(6.9) Spellcasting
 + Level 4.5(4.0) Conjurations
 + Level 4.5(4.0) Hexes
 + Level 7.2(6.6) Charms
 + Level 4.5(4.0) Summonings
 + Level 4.5(4.0) Necromancy
 + Level 4.5(4.0) Translocations
 + Level 4.5(4.0) Transmutations
 + Level 4.5(4.0) Fire Magic
 + Level 4.5(4.0) Ice Magic
 + Level 4.5(4.0) Air Magic
 + Level 4.5(4.0) Earth Magic
 + Level 4.5(4.0) Poison Magic
 + Level 6.0(5.5) Invocations
 + Level 5.4(4.9) Evocations


You had 4 spell levels left.
You knew the following spells:

 Your Spells              Type           Power        Failure   Level  Hunger
g - Shroud of Golubria    Chrm/Tloc      ####......   1%          2    None
n - Animate Skeleton      Necr           N/A          2%          1    None
r - Regeneration          Chrm/Necr      ####......   4%          3    None
v - Borgnjor's Vile Clut  Necr/Erth      ####......   54%         5    #####..
w - Spectral Weapon       Hex/Chrm       ####....     4%          3    None
y - Song of Slaying       Chrm           #####...     1%          2    None
N - Animate Dead          Necr           N/A          24%         4    ###....


Dungeon Overview and Level Annotations

Branches:
Dungeon (8/15)             Temple (1/1) D:5            Lair (4/6) D:8
 Shoals (0/4) Lair:3
  Snake: Lair:2-4    Spider: Lair:2-4

Altars:
Cheibriados
Gozag
Sif Muna
Vehumet
Wu Jian

Annotations:
D:3 Stepladder's ghost, amateur GrFi
D:6 Grinder
Lair:3 exclusion: downstairs


Innate Abilities, Weirdness & Mutations

Your experience applies equally to all skills.
You have very sharp teeth.
Your uncanny sense of smell can sniff out nearby items.


Message History

Unknown command.
You completely miss the elephant.
You bite the elephant, but do no damage.
The elephant is lightly wounded.
The zombie hands constrict the hell rat!
You kill the hell rat!
Cheibriados thoroughly appreciates the change of pace.
The zombie hands constrict the elephant!
Your spectral weapon hits the elephant.
The elephant struggles to escape constriction.
The elephant tramples you.
* * * LOW HITPOINT WARNING * * *
You stumble backwards!
Unknown command.
Unknown command.
As you read the scroll of teleportation, it crumbles to dust.
You feel strangely unstable.
The zombie hands constrict the elephant!
Your spectral weapon fades away.
The elephant escapes!
The elephant tramples you!
* * * LOW HITPOINT WARNING * * *
You stumble backwards!
Unknown command.
The elephant tramples you.
* * * LOW HITPOINT WARNING * * *
You stumble backwards!
Unknown command.
Your skin is crawling a little less now.
Your surroundings suddenly seem different.
Found a pair of gloves.
Found a stone staircase leading down.
Wield which item (- for none, * to show all)? (? for menu, Esc to quit)
Your +3 flail of protection goes still.
You are now empty-handed.
Wield which item (- for none, * to show all)? (? for menu, Esc to quit)
Your +3 flail of protection hums with potential!
j - a +3 flail of protection (weapon)
Saving game... please wait.
You feel a wave of frost pass over you.
There is an entrance to an ice cave on this level.
Hurry and find it before the portal melts!
Level annotation: exclusion: downstairs Welcome back, tidbits the Gnoll Skald.
Cheibriados says: Take it easy.
Press ? for a list of commands and other information.
Unknown command.
Unknown command.
Unknown command.
Unknown command.
Unknown command.
Unknown command.
Unknown command.
Unknown command.
Unknown command.
Unknown command.
Unknown command.
Unknown command.
Your skin stops crawling.
There is a stone staircase leading down here.
Unknown command.
You climb downwards.
A black mamba comes into view.
Found a scroll of identify and a ration.
There is a stone staircase leading up here.
A crocodile comes into view.
The black mamba hisses angrily.
The crocodile moves out of view.
A wyvern comes into view.
Cast which spell? (? or * to list)
You don't know that spell.
The black mamba bites you!
* * * LOW HITPOINT WARNING * * *
You are poisoned.
The black mamba poisons you! The black mamba closely misses you.
The black mamba bites you but does no damage.
There is a stone staircase leading up, spattered with blood here.
You feel sick. The black mamba misses you. The black mamba barely misses you.
You climb upwards.
You feel a wave of frost pass over you.
There is an entrance to an ice cave on this level.
Hurry and find it before the portal melts!
Level annotation: exclusion: downstairs You feel sick.
There is a stone staircase leading down here.
Unknown command.
Unknown command.
Unknown command.
Unknown command.
Unknown command.
Unknown command.
Unknown command.
Okay, then.
Evoke which item? (* to show all) (? for menu, Esc to quit)
Okay, then.
Unknown command.
Cast which spell? (? or * to list)
You draw out your weapon's spirit!
You feel sick. The black mamba misses you.
You barely miss the black mamba.
Your spectral weapon hits the black mamba!
The black mamba bites you.
* * * LOW HITPOINT WARNING * * *
The black mamba barely misses you. The black mamba bites you!
You die...

**,***##.####.*,,,+***≈≈≈≈≈*
*,,,..........,,,,*≈≈≈*≈≈≈*≈
*,,,..........,,,,#≈≈≈*≈≈≈*≈
*,**...[#.#..####.*≈≈≈*****≈
*,,,.............,###**≈≈≈+*
*,,,...........##...#≈≈≈>≈≈≈
*,,,..............#***+≈≈≈**
**,,,..............#≈≈≈*****≈
*,,***#.....@##.##.#≈≈≈*≈≈≈*≈
**,,,*#....S(P##..,*≈≈≈*≈≈≈*≈
*,,,..............#***≈≈≈≈≈*
*,,,....##.#.#..#...,*******
*,,,...,,..,.........,,,,,,,
**,,*#.**...*.#...###.,,,,,*,
*,,**.,,,##.,###..#**,,,,,,,*
**,,,,,,,,.........,,,,,,,,,,
*,,**,,,,,*..P...#.,*,**,,*,,


You could see a black mamba and a friendly spectral flail of protection.

Vanquished Creatures
  2 hydras
  A spiny frog (Lair:1)
  2 rime drakes (Lair:2)
  A komodo dragon (Lair:2)
  9 yaks
  A water moccasin (Lair:1)
  2 hell hounds (D:8)
  2 porcupines
  An ogre (D:5)
  A centaur (D:5)
  A crocodile (Lair:1)
  A wolf (Lair:2)
  4 bullfrogs
  A scorpion (D:4)
  A bullfrog zombie (D:6)
  A hound (D:4)
  A jelly (D:6)
  An orc priest (D:3)
  3 worker ants
  5 hell rats (Lair:3)
  A worker ant zombie (D:5)
  4 adders
  A shadow imp (D:5)
  An adder zombie (D:5)
  An adder skeleton (D:6)
  2 leopard geckos
  8 orcs
  A bat (D:1)
  2 giant cockroaches
  A goblin (D:8)
  A hobgoblin (D:2)
  8 jackals
  A kobold (D:2)
  3 quokkas
  A frilled lizard (D:5)
  2 rats (D:2)
79 creatures vanquished.

Vanquished Creatures (collateral kills)
  A catoblepas (Lair:2)
  A yak (Lair:1)
  A wolf (Lair:2)
  A crocodile (Lair:2)
4 creatures vanquished.

Vanquished Creatures (others)
  A plant (Lair:2)
  2 spectral weapons
3 creatures vanquished.

Grand Total: 86 creatures vanquished

Notes
Turn   | Place    | Note
-------+----------+-------------------------------------------
     0 | D:1      | tidbits the Gnoll Skald began the quest for the Orb.
     0 | D:1      | Reached XP level 1. HP: 20/20 MP: 6/6
    69 | D:2      | Reached XP level 2. HP: 23/26 MP: 1/7
    73 | D:2      | Learned a level 2 spell: Song of Slaying
    76 | D:2      | Learned a level 2 spell: Shroud of Golubria
   101 | D:2      | Reached XP level 3. HP: 16/31 MP: 2/9
   103 | D:2      | Reached skill level 5 in Spellcasting
   108 | D:2      | Learned a level 3 spell: Regeneration
   113 | D:2      | Learned a level 3 spell: Spectral Weapon
   186 | D:3      | Reached skill level 1 in Short Blades
   186 | D:3      | Reached skill level 1 in Long Blades
   186 | D:3      | Reached skill level 1 in Maces & Flails
   186 | D:3      | Reached skill level 1 in Polearms
   186 | D:3      | Reached skill level 1 in Staves
   186 | D:3      | Reached skill level 1 in Slings
   186 | D:3      | Reached skill level 1 in Bows
   186 | D:3      | Reached skill level 1 in Crossbows
   186 | D:3      | Reached skill level 1 in Throwing
   186 | D:3      | Reached skill level 1 in Stealth
   186 | D:3      | Reached skill level 1 in Shields
   186 | D:3      | Reached skill level 1 in Unarmed Combat
   186 | D:3      | Reached skill level 1 in Invocations
   186 | D:3      | Reached skill level 1 in Evocations
   186 | D:3      | Reached XP level 4. HP: 33/38 MP: 1/11
   211 | D:3      | Noticed Stepladder's ghost (amateur GrFi)
   257 | D:4      | Reached skill level 1 in Conjurations
   257 | D:4      | Reached skill level 1 in Hexes
   257 | D:4      | Reached skill level 1 in Summonings
   257 | D:4      | Reached skill level 1 in Necromancy
   257 | D:4      | Reached skill level 1 in Translocations
   257 | D:4      | Reached skill level 1 in Transmutations
   257 | D:4      | Reached skill level 1 in Fire Magic
   257 | D:4      | Reached skill level 1 in Ice Magic
   257 | D:4      | Reached skill level 1 in Air Magic
   257 | D:4      | Reached skill level 1 in Earth Magic
   257 | D:4      | Reached skill level 1 in Poison Magic
   340 | D:4      | Reached XP level 5. HP: 29/43 MP: 6/12
   403 | D:5      | Entered Level 5 of the Dungeon
   412 | D:6      | Noticed Grinder
   413 | D:6      | Paralysed by Grinder for 4 turns
   441 | D:5      | Noticed a centaur
   451 | D:5      | Killed a centaur
   451 | D:5      | Reached skill level 3 in Armour
   451 | D:5      | Reached XP level 6. HP: 26/50 MP: 7/13
   495 | D:5      | Reached skill level 2 in Invocations
   513 | D:5      | Reached skill level 5 in Fighting
   513 | D:5      | Reached skill level 2 in Short Blades
   513 | D:5      | Reached skill level 2 in Long Blades
   513 | D:5      | Reached skill level 5 in Axes
   513 | D:5      | Reached skill level 2 in Maces & Flails
   513 | D:5      | Reached skill level 2 in Polearms
   513 | D:5      | Reached skill level 2 in Staves
   513 | D:5      | Reached skill level 2 in Slings
   513 | D:5      | Reached skill level 2 in Bows
   513 | D:5      | Reached skill level 2 in Crossbows
   513 | D:5      | Reached skill level 2 in Throwing
   513 | D:5      | Reached skill level 5 in Dodging
   513 | D:5      | Reached skill level 2 in Stealth
   513 | D:5      | Reached skill level 2 in Shields
   513 | D:5      | Reached skill level 2 in Unarmed Combat
   513 | D:5      | Reached skill level 2 in Evocations
   557 | D:5      | Found a staircase to the Ecumenical Temple.
   574 | Temple   | Entered the Ecumenical Temple
   583 | Temple   | Became a worshipper of Cheibriados the Contemplative
   692 | D:6      | Paralysed by Grinder for 3 turns
   749 | D:6      | Reached XP level 7. HP: 49/56 MP: 11/15
   755 | D:6      | Found an opulent altar of Gozag.
   888 | D:8      | Found a staircase to the Lair.
   925 | D:8      | Found a radiant altar of Vehumet.
   961 | D:8      | Reached skill level 2 in Conjurations
   961 | D:8      | Reached skill level 2 in Hexes
   961 | D:8      | Reached skill level 2 in Summonings
   961 | D:8      | Reached skill level 2 in Necromancy
   961 | D:8      | Reached skill level 2 in Translocations
   961 | D:8      | Reached skill level 2 in Transmutations
   961 | D:8      | Reached skill level 2 in Fire Magic
   961 | D:8      | Reached skill level 2 in Ice Magic
   961 | D:8      | Reached skill level 2 in Air Magic
   961 | D:8      | Reached skill level 2 in Earth Magic
   961 | D:8      | Reached skill level 2 in Poison Magic
   964 | D:8      | Reached skill level 3 in Invocations
   980 | Lair:1   | Entered Level 1 of the Lair of Beasts
   985 | Lair:1   | Reached * piety under Cheibriados
   985 | Lair:1   | Reached skill level 6 in Charms
   985 | Lair:1   | Reached XP level 8. HP: 36/63 MP: 8/16
   990 | Lair:1   | Noticed a spiny frog
   995 | Lair:1   | Reached skill level 4 in Armour
  1007 | Lair:1   | Learned a level 1 spell: Animate Skeleton
  1025 | Lair:1   | Killed a spiny frog
  1025 | Lair:1   | Reached skill level 3 in Short Blades
  1025 | Lair:1   | Reached skill level 3 in Long Blades
  1025 | Lair:1   | Reached skill level 3 in Maces & Flails
  1025 | Lair:1   | Reached skill level 3 in Polearms
  1025 | Lair:1   | Reached skill level 3 in Staves
  1025 | Lair:1   | Reached skill level 3 in Slings
  1025 | Lair:1   | Reached skill level 3 in Bows
  1025 | Lair:1   | Reached skill level 3 in Crossbows
  1025 | Lair:1   | Reached skill level 3 in Throwing
  1025 | Lair:1   | Reached skill level 3 in Stealth
  1025 | Lair:1   | Reached skill level 3 in Shields
  1025 | Lair:1   | Reached skill level 3 in Unarmed Combat
  1025 | Lair:1   | Reached skill level 6 in Spellcasting
  1025 | Lair:1   | Reached skill level 3 in Evocations
  1045 | Lair:1   | Noticed a yak
  1055 | Lair:1   | Noticed a yak
  1055 | Lair:1   | Noticed a yak
  1058 | Lair:1   | Noticed a yak
  1060 | Lair:1   | Noticed a yak
  1068 | Lair:1   | Noticed a yak
  1069 | Lair:1   | Killed a yak
  1075 | Lair:1   | Killed a yak
  1082 | Lair:1   | Killed a yak
  1082 | Lair:1   | Reached skill level 4 in Invocations
  1084 | Lair:1   | HP: 5/96 [yak (8)]
  1089 | Lair:1   | Killed a yak
  1089 | Lair:1   | Reached skill level 6 in Fighting
  1089 | Lair:1   | Reached skill level 6 in Axes
  1089 | Lair:1   | Reached skill level 6 in Dodging
  1089 | Lair:1   | Reached skill level 3 in Conjurations
  1089 | Lair:1   | Reached skill level 3 in Hexes
  1089 | Lair:1   | Reached skill level 3 in Summonings
  1089 | Lair:1   | Reached skill level 3 in Necromancy
  1089 | Lair:1   | Reached skill level 3 in Translocations
  1089 | Lair:1   | Reached skill level 3 in Transmutations
  1089 | Lair:1   | Reached skill level 3 in Fire Magic
  1089 | Lair:1   | Reached skill level 3 in Ice Magic
  1089 | Lair:1   | Reached skill level 3 in Air Magic
  1089 | Lair:1   | Reached skill level 3 in Earth Magic
  1089 | Lair:1   | Reached skill level 3 in Poison Magic
  1089 | Lair:1   | Reached XP level 9. HP: 9/69 MP: 0/18
  1128 | Lair:1   | Reached skill level 4 in Short Blades
  1128 | Lair:1   | Reached skill level 4 in Long Blades
  1128 | Lair:1   | Reached skill level 4 in Maces & Flails
  1128 | Lair:1   | Reached skill level 4 in Polearms
  1128 | Lair:1   | Reached skill level 4 in Staves
  1128 | Lair:1   | Reached skill level 4 in Slings
  1128 | Lair:1   | Reached skill level 4 in Bows
  1128 | Lair:1   | Reached skill level 4 in Crossbows
  1128 | Lair:1   | Reached skill level 4 in Throwing
  1128 | Lair:1   | Reached skill level 4 in Stealth
  1128 | Lair:1   | Reached skill level 4 in Shields
  1128 | Lair:1   | Reached skill level 4 in Unarmed Combat
  1128 | Lair:1   | Reached skill level 4 in Evocations
  1221 | Lair:1   | Learned a level 5 spell: Borgnjor's Vile Clutch
  1243 | Lair:2   | Noticed a spiny frog
  1243 | Lair:2   | Noticed a catoblepas
  1274 | Lair:2   | Noticed a spiny frog
  1282 | Lair:2   | Noticed a rime drake
  1294 | Lair:2   | Killed a rime drake
  1294 | Lair:2   | Reached skill level 5 in Armour
  1301 | Lair:2   | Noticed a komodo dragon
  1318 | Lair:2   | Killed a komodo dragon
  1333 | Lair:2   | Noticed a komodo dragon
  1408 | Lair:2   | Reached skill level 5 in Invocations
  1416 | Lair:2   | Reached skill level 7 in Spellcasting
  1416 | Lair:2   | Reached XP level 10. HP: 68/77 MP: 3/20
  1422 | Lair:2   | Reached skill level 4 in Conjurations
  1422 | Lair:2   | Reached skill level 4 in Hexes
  1422 | Lair:2   | Reached skill level 4 in Summonings
  1422 | Lair:2   | Reached skill level 4 in Necromancy
  1422 | Lair:2   | Reached skill level 4 in Translocations
  1422 | Lair:2   | Reached skill level 4 in Transmutations
  1422 | Lair:2   | Reached skill level 4 in Fire Magic
  1422 | Lair:2   | Reached skill level 4 in Ice Magic
  1422 | Lair:2   | Reached skill level 4 in Air Magic
  1422 | Lair:2   | Reached skill level 4 in Earth Magic
  1422 | Lair:2   | Reached skill level 4 in Poison Magic
  1483 | Lair:2   | Noticed an eight-headed hydra
  1492 | Lair:2   | Killed an eight-headed hydra
  1492 | Lair:2   | Reached skill level 5 in Short Blades
  1492 | Lair:2   | Reached skill level 5 in Long Blades
  1492 | Lair:2   | Reached skill level 5 in Maces & Flails
  1492 | Lair:2   | Reached skill level 5 in Polearms
  1492 | Lair:2   | Reached skill level 5 in Staves
  1492 | Lair:2   | Reached skill level 5 in Slings
  1492 | Lair:2   | Reached skill level 5 in Bows
  1492 | Lair:2   | Reached skill level 5 in Crossbows
  1492 | Lair:2   | Reached skill level 5 in Throwing
  1492 | Lair:2   | Reached skill level 5 in Stealth
  1492 | Lair:2   | Reached skill level 5 in Shields
  1492 | Lair:2   | Reached skill level 5 in Unarmed Combat
  1492 | Lair:2   | Reached skill level 7 in Charms
  1492 | Lair:2   | Reached skill level 5 in Evocations
  1536 | Lair:2   | Killed a catoblepas
  1536 | Lair:2   | Reached skill level 7 in Fighting
  1536 | Lair:2   | Reached skill level 7 in Axes
  1536 | Lair:2   | Reached skill level 7 in Dodging
  1569 | Lair:4   | Noticed a catoblepas
  1569 | Lair:4   | Noticed a manticore
  1569 | Lair:4   | Noticed a catoblepas
  1569 | Lair:4   | Noticed a manticore
  1573 | Lair:3   | Noticed a seven-headed hydra
  1584 | Lair:3   | Killed a seven-headed hydra
  1584 | Lair:3   | Reached skill level 6 in Armour
  1584 | Lair:3   | Reached skill level 6 in Invocations
  1590 | Lair:3   | Learned a level 4 spell: Animate Dead
  1594 | Lair:3   | Reached ** piety under Cheibriados
  1596 | Lair:3   | Noticed an elephant
  1597 | Lair:3   | Noticed an elephant
  1600 | Lair:3   | Noticed an elephant
  1602 | Lair:3   | Noticed an elephant
  1616 | Lair:4   | Noticed a black mamba
  1624 | Lair:3   | Slain by a black mamba

Skill      XL: |  1  2  3  4  5  6  7  8  9 10 |
---------------+-------------------------------+-----
Spellcasting   | 5 6 7 |  7.5
Short Blades   | 1 2 3 4 5 |  5.4
Long Blades    | 1 2 3 4 5 |  5.4
Maces & Flails | 1 2 3 4 5 |  5.4
Polearms       | 1 2 3 4 5 |  5.4
Staves         | 1 2 3 4 5 |  5.4
Slings         | 1 2 3 4 5 |  5.4
Bows           | 1 2 3 4 5 |  5.4
Crossbows      | 1 2 3 4 5 |  5.4
Throwing       | 1 2 3 4 5 |  5.4
Stealth        | 1 2 3 4 5 |  5.4
Shields        | 1 2 3 4 5 |  5.4
Unarmed Combat | 1 2 3 4 5 |  5.4
Invocations    | 1 2 3 4 5 6 |  6.0
Evocations     | 1 2 3 4 5 |  5.4
Conjurations   | 1 2 3 4 |  4.5
Hexes          | 1 2 3 4 |  4.5
Summonings     | 1 2 3 4 |  4.5
Necromancy     | 1 2 3 4 |  4.5
Translocations | 1 2 3 4 |  4.5
Transmutations | 1 2 3 4 |  4.5
Fire Magic     | 1 2 3 4 |  4.5
Ice Magic      | 1 2 3 4 |  4.5
Air Magic      | 1 2 3 4 |  4.5
Earth Magic    | 1 2 3 4 |  4.5
Poison Magic   | 1 2 3 4 |  4.5
Armour         | 3 4 5 6 |  6.1
Fighting       | 5 6 7 |  7.2
Axes           | 5 6 7 |  7.2
Dodging        | 5 6 7 |  7.2
Charms         | 6 7 |  7.2

Action                   |  1- 3 |  4- 6 |  7- 9 | 10-12 || total
-------------------------+-------+-------+-------+-------++-------
Melee: Hand axe          |    37 |    40 |       |       ||    77
       Bite              |     2 |     8 |    10 |     6 ||    26
       Flail             |       |    27 |    90 |    28 ||   145
       Unarmed           |       |     9 |       |       ||     9
       Punch             |       |       |     3 |     1 ||     4
Throw: Tomahawk          |     1 |       |     2 |     1 ||     4
 Cast: Infusion          |     2 |       |       |       ||     2
       Song of Slaying   |     3 |     1 |     3 |     1 ||     8
       Spectral Weapon   |     1 |    12 |    15 |     6 ||    34
       Regeneration      |     1 |     4 |    14 |     4 ||    23
       Shroud of Golubri |       |     2 |       |     1 ||     3
       Animate Skeleton  |       |       |     4 |     2 ||     6
       Borgnjor's Vile C |       |       |       |     1 ||     1
Invok: Bend Time         |       |       |     1 |     1 ||     2
Evoke: Wand              |       |       |     8 |     8 ||    16
  Use: Scroll            |       |     2 |     3 |     5 ||    10
       Potion            |       |     2 |     5 |       ||     7
 Stab: Sleeping          |     2 |       |     1 |       ||     3
       Distracted        |       |       |     1 |       ||     1
  Eat: Chunk             |       |     1 |     3 |     1 ||     5
Armor: Leather armour    |     4 |    11 |     8 |       ||    23
       Skin              |       |    90 |    40 |       ||   130
       Ring mail         |       |       |    11 |    13 ||    24
Dodge: Dodged            |    23 |    42 |    52 |    35 ||   152

Table legend:
 A = Turns spent in this place as a percentage of turns spent in the entire game.
 B = Non-inter-level travel turns spent in this place as a percentage of non-inter-level travel turns spent in the entire game.
 C = Inter-level travel turns spent in this place as a percentage of turns spent in this place.
 D = Turns resting spent in this place as a percentage of non-inter-level travel turns spent in this place.
 E = Turns spent auto-exploring this place as a percentage of non-inter-level travel turns spent in this place.
 F = Non-inter-level travel turns spent in this place divided by the number of levels of this place that you've seen.
                   A       B       C       D       E      F
               +-------+-------+-------+-------+-------+----------------------
         Total | 100.0 | 100.0 |   0.5 |   0.0 |   0.0 | 124.3
       Dungeon |  59.2 |  59.5 |   0.0 |   0.0 |   0.0 | 120.1
        Temple |   1.2 |   0.7 |  42.1 |   0.0 |   0.0 |  11.0
          Lair |  39.7 |  39.9 |   0.0 |   0.0 |   0.0 | 161.0
               +-------+-------+-------+-------+-------+----------------------

Table legend:
 A = Kills in this place as a percentage of kills in entire the game.
 B = Kills by you in this place as a percentage of kills by you in the entire game.
 C = Kills by friends in this place as a percentage of kills by friends in the entire game.
 D = Other kills in this place as a percentage of other kills in the entire game.
 E = Experience gained in this place as a percentage of experience gained in the entire game.
 F = Experience gained in this place divided by the number of levels of this place that you have seen.
                   A       B       C       D       E      F
               +-------+-------+-------+-------+-------+----------------------
         Total | 100.0 | 100.0 | 100.0 |   N/A | 100.0 | 621.8
       Dungeon |  61.4 |  64.6 |   0.0 |   N/A |  13.8 | 139.2
          Lair |  38.6 |  35.4 | 100.0 |   N/A |  86.2 | 1742.5
               +-------+-------+-------+-------+-------+----------------------

Vault maps used:
D:1:      dpeg_arrival_simpleton_a, minmay_tromino_v4_c
D:2:      corner_web_ring
D:3:      lemuel_zombie_altar_yredelemnul
D:5:      minmay_temple_entry_large_hall, first_ration
D:6:      basic_altar, uniq_grinder
D:7:      chequers_temple_overflow_minitemple, grunt_livestock
D:8:      vehumet_altar_wand_db, minmay_lair_entry_lava, serial_bayou_pond_e,
          jiyva_altar_1
Temple:   compressed_dpeg_circular_temple
Lair:1:   serial_bayou_shore_a
Lair:2:   infiniplex_staircase_pool
Lair:3:   elwin_shoals_entry_rooms, portal_ice_cave_rime
Lair:4:   nzn_motion_control, guppyfry_snake_entry_garden
